 Dungeon Crawl Stone Soup version 0.27.1-35-g4d5d836560 (console) character file.

Game seed: 3776513016881929060

149 Banquo the Chopper (level 5, 0/41 HPs)
             Began as a Formicid Fighter on Feb 21, 2022.
             Slain by a water moccasin (8 damage)
             ... on level 5 of the Dungeon.
             The game lasted 00:04:19 (2356 turns).

Banquo the Chopper (Formicid Fighter)               Turns: 2356, Time: 00:04:19

Health: 0/41       AC:  6    Str: 22    XL:     5   Next: 56%
Magic:  5/5        EV:  8    Int:  7    God:
Gold:   108        SH:  9    Dex: 10    Spells: 4/4 levels left

rFire    . . .     SeeInvis +   a - +0 war axe
rCold    . . .     Faith    .   c - +0 kite shield
rNeg     . . .     Spirit   .   b - +0 scale mail
rPois    .         Reflect  .   (helmet unavailable)
rElec    .         Harm     .   (no cloak)
rCorr    .         Rampage  .   (no gloves)
Will     .....                  (no boots)
Stlth    ..........             (no amulet)
HPRegen  0.13/turn              (no ring)
MPRegen  0.09/turn              (no ring)

@: lethally poisoned (0 -> -10)
A: permanent stasis, dig shafts and tunnels, antennae 3, four strong arms
a: Dig, Shaft Self


You were on level 5 of the Dungeon.
You visited 1 branch of the dungeon, and saw 4 of its levels.

You collected 108 gold pieces.

Inventory:

Hand Weapons
 a - a +0 war axe (weapon)
Missiles
 e - 36 arrows
 h - 44 stones
Armour
 b - a +0 scale mail (worn)
 c - a +0 kite shield (worn)
Jewellery
 f - a ring of see invisible
Scrolls
 g - 3 scrolls of fear {unknown}
 i - a scroll of enchant armour {unknown}
 j - 2 scrolls of identify {unknown}
 l - a scroll of immolation {unknown}
Potions
 d - a potion of might
 k - a potion of lignification {unknown}


   Skills:
 - Level 3.2 Fighting
 + Level 5.3 Axes
 - Level 3.2 Armour
 - Level 3.6 Shields


You had 4 spell levels left.
You didn't know any spells.
Your spell library was empty.

Dungeon Overview and Level Annotations

Branches:
Dungeon (2/15)

Altars:

Annotations:
D:2 Sigmund
D:4 Menkaure


Innate Abilities, Weirdness & Mutations

You cannot be hasted, slowed, berserked, paralysed or teleported.
You can dig through walls and to a lower floor.
You have a pair of large antennae on your head. (SInv)
Your four strong arms can wield two-handed weapons with a shield.


Message History

You hear an angry hiss.
You dig through the rock wall.
You start resting.
HP restored.
You retract your mandibles.
The water moccasin hisses angrily.
You slash the water moccasin!
The water moccasin is moderately wounded.
The water moccasin bites you. The water moccasin barely misses you.
You hit the water moccasin but do no damage.
The water moccasin is moderately wounded.
The water moccasin barely misses you.
The water moccasin bites you but does no damage.
You hit the water moccasin.
The water moccasin is moderately wounded.
You block the water moccasin's attack. The water moccasin bites you.
You barely miss the water moccasin.
The water moccasin is moderately wounded.
The water moccasin barely misses you. x2
You hit the water moccasin but do no damage.
The water moccasin is moderately wounded.
The water moccasin bites you.
You are poisoned.
The water moccasin poisons you! The water moccasin bites you.
You are lethally poisoned!
The water moccasin poisons you!
You miss the water moccasin.
The water moccasin is moderately wounded.
You feel extremely sick.
You block the water moccasin's attack. x2
You hit the water moccasin but do no damage.
The water moccasin is moderately wounded.
You feel very sick. The water moccasin closely misses you.
You block the water moccasin's attack.
You hit the water moccasin.
The water moccasin is moderately wounded.
* * * LOW HITPOINT WARNING * * *
You feel very sick. The water moccasin bites you!
You die...

.#####.#{ . ####
....##.##
###.###....
........#######...
.......
....###....##...
....... ....#
#.##.##.#####(......
....#
#...............S...
....#
####..#.##.##†......
.#...
#..#.###S#.......
...###
{......##@##.....$.
#..# .##.#..####
....... { {{# ...[.#
....... { ##...>#
....... #..#.#
.......


You could see a water moccasin.

Vanquished Creatures
  A bullfrog zombie (D:5)
  A centaur zombie (D:5)
  Natasha (D:2)
  2 adders
  2 orcs (D:4)
  2 ball pythons
  5 bats
  8 endoplasms
  A giant cockroach (D:2)
  3 goblins
  4 kobolds
  3 frilled lizards
  2 rats
35 creatures vanquished.

Notes
Turn   | Place    | Note
-------+----------+-------------------------------------------
     0 | D:1      | Banquo the Formicid Fighter began the quest for the Orb.
     0 | D:1      | Reached XP level 1. HP: 18/18 MP: 1/1
   286 | D:1      | Reached XP level 2. HP: 15/24 MP: 2/2
   775 | D:1      | Reached skill level 3 in Axes
  1039 | D:2      | Reached XP level 3. HP: 27/29 MP: 3/3
  1401 | D:2      | Noticed Natasha
  1408 | D:2      | Killed Natasha
  1409 | D:2      | Reached skill level 4 in Axes
  1409 | D:2      | Reached XP level 4. HP: 35/35 MP: 4/4
  1946 | D:2      | Noticed Sigmund
  1949 | D:2      | You fall into a shaft and drop 2 floors!
  1978 | D:4      | Noticed Menkaure
  1988 | D:4      | You fall into a shaft and drop 1 floor!
  1988 | D:5      | Entered Level 5 of the Dungeon
  1995 | D:5      | Reached XP level 5. HP: 21/41 MP: 5/5
  2163 | D:5      | Reached skill level 5 in Axes
  2259 | D:5      | Noticed a water moccasin
  2356 | D:5      | Slain by a water moccasin

Illustrated notes

Levels and vault maps discovered:
D:1:      wander_arrival_desolate, layout_loops_corners, corexii_corridor_pit
D:2:      layout_loops_cross, st_stairs_12, uniq_sigmund, uniq_natasha
D:4:      layout_rooms, uniq_pikel, uniq_menkaure
D:5:      minmay_chambers_of_fours, layout_basic

Skill      XL: |  1  2  3  4  5 |
---------------+----------------+-----
Axes           | 3 4 5 |  5.3
Fighting       | |  3.2
Armour         | |  3.2
Shields        | |  3.6

Action                   |  1- 3 |  4- 6 || total
-------------------------+-------+-------++-------
Melee: War axe           |    69 |    58 ||   127
 Abil: Dig               |     1 |     3 ||     4
       Shaft Self        |       |     2 ||     2
Armor: Scale mail        |    39 |    23 ||    62
Dodge: Dodged            |    28 |    18 ||    46
Block: Kite shield       |    38 |    31 ||    69
